Map: [ESL] Amphion

Players

gumiho - Winner!

  • Race: Terran Terran
  • Spawn Location: 7:00

ShoWTimE

  • Race: Protoss Protoss
  • League: Master
  • Spawn Location: 11:00

Event: HomeStory Cup XXV

VOD

Have the link to the VOD?

Description

Time

  • Played on: June 23, 2024, 7:21 p.m.
  • Length: 24:55

All games in this series

Show
View Real Time Build Order
Export as new Build Order

gumiho Terran - Winner!

Build Orders: Cyclone Opening 

Get SALT Encoding   

  12  0:00  SCV  
  13  0:12  SCV  
  14  0:17  Supply Depot  
  14  0:24  SCV  
  15  0:39  SCV  
  15  0:41  Barracks  
  16  0:44  Refinery  
  16  0:51  SCV  
  17  1:03  SCV  
  18  1:15  SCV  
  19  1:27  Orbital Command  
  19  1:28  Marine  
  20  1:41  Command Center  
  20  1:46  Reaper  
  21  1:52  Supply Depot  
  21  1:55  SCV  
  22  2:05  Factory  
  23  2:08  SCV  
  23  2:13  Refinery  
  23  2:20  SCV  
  24  2:24  Barracks Reactor  
  24  2:28  Barracks  
  24  2:32  SCV  
  25  2:44  SCV  
  25  2:48  Cyclone  
  28  2:54  Orbital Command  
  28  2:57  SCV  
  29  3:02  Marine x2  
  31  3:10  Orbital Command  
  31  3:15  SCV  
  31  3:18  Barracks Tech Lab  
  31  3:19  Marine x2  
  32  3:24  Starport, Factory Reactor  
  34  3:29  SCV  
  35  3:37  SCV, Marine x2  
  35  3:38  Stimpack  
  35  3:40  Marine  
  38  3:42  SCV  
  39  3:50  Supply Depot, SCV  
  39  3:54  SCV  
  39  3:55  Marine x2  
  42  3:58  Marine  
  44  4:03  SCV  
  44  4:06  SCV  
  46  4:10  Factory Tech Lab  
  46  4:11  Medivac x2  
  46  4:13  Supply Depot  
  50  4:17  Engineering Bay  
  50  4:19  Marine x2  
  50  4:22  Marine  
  53  4:29  Supply Depot  
  53  4:35  Siege Tank  
  53  4:37  Marine x2  
  58  4:39  Marine  
  58  4:42  SCV x2  
  58  4:44  Supply Depot  
  61  4:54  SCV x2, Marine  
  61  4:55  Marine  
  61  4:57  Marine  
  61  4:58  Terran Infantry Weapons Level 1  
  66  5:02  Supply Depot, Barracks  
  66  5:08  SCV x2  
  68  5:14  Marine x2  
  68  5:15  Siege Tank, Marine  
  68  5:20  SCV x2  
  68  5:32  Combat Shield, SCV x2, Marine x2  
  68  5:33  Marine  
  71  5:44  SCV x2  
  71  5:48  Command Center  
  73  5:50  Marine x3  
  73  5:53  Starport Reactor  
  73  5:55  Marine  
  73  5:56  Supply Depot, SCV x2  
  79  5:58  Marine  
  79  6:02  Refinery  
  80  6:04  Refinery  
  80  6:08  Siege Tank  
  81  6:15  Marine  
  81  6:16  Marine x2  
  83  6:18  SCV x2  
  83  6:24  Marine x2  
  82  6:30  SCV  
  82  6:31  SCV  
  84  6:33  Marine  
  82  6:40  Marine x2  
  82  6:41  Siege Tank  
  82  6:43  SCV x2  
  82  6:45  Barracks  
  82  6:46  Barracks  
  89  6:51  Medivac  
  87  6:55  SCV x2, Marine  
  87  6:56  Marine x2  
  87  6:57  Marine  
  87  6:58  Marine  
  94  7:01  Orbital Command  
  94  7:05  Terran Infantry Armor Level 1  
  94  7:07  SCV x2  
  96  7:12  Concussive Shells  
  96  7:13  Supply Depot  
  96  7:14  Supply Depot  
  96  7:17  Marine  
  96  7:18  Marine, Marauder  
  96  7:19  SCV x2, Marine  
  96  7:21  Marine  
  104  7:29  Medivac x2  
  108  7:33  SCV  
  108  7:35  SCV x2  
  111  7:38  Supply Depot x2  
  111  7:40  Barracks Tech Lab x2  
  111  7:43  Supply Depot  
  110  7:44  Siege Tank  
  110  7:45  SCV  
  110  7:47  SCV x2  
  116  7:53  Missile Turret  
  116  7:55  Marauder  
  116  7:56  Marine x3  
  116  7:57  SCV, Marine  
  123  8:00  SCV x2  
  123  8:02  Medivac  
  123  8:04  Medivac  
  129  8:07  Marauder  
  129  8:08  Marauder  
  129  8:10  SCV  
  134  8:13  SCV x2  
  134  8:16  Marauder  
  134  8:19  Supply Depot, Siege Tank  
  141  8:20  Supply Depot  
  141  8:24  Marine x2  
  141  8:26  Marine  
  144  8:29  Marauder x2  
  144  8:30  Refinery x2  
  148  8:35  Armory  
  148  8:37  Marine  
  148  8:41  Marauder  
  151  8:42  Marine  
  151  8:43  Viking x2  
  156  8:50  Marauder  
  158  8:59  Siege Tank  
  161  9:03  Marauder x2  
  161  9:08  Supply Depot x2  
  165  9:29  Marine x3, Terran Infantry Weapons Level 2, Viking x2  
  165  9:31  Engineering Bay, Command Center  
  172  9:32  Marine, Marauder x2  
  172  9:34  SCV x3  
  180  9:55  Marine  
  180  9:59  Terran Infantry Armor Level 2  
  181  10:02  Fusion Core  
  181  10:08  Missile Turret, Barracks x2  
  181  10:10  Barracks  
  181  10:19  Supply Depot  
  181  10:36  Ghost Academy  
  181  10:40  Marauder x2, Viking x2  
  181  10:42  Siege Tank, Marine x3  
  197  10:43  Marauder  
  197  10:45  Command Center  
  197  10:47  Caduceus Reactor  
  197  11:02  Refinery, Marauder  
  197  11:03  Barracks Tech Lab x2  
  199  11:04  Barracks Reactor  
  199  11:06  Sensor Tower  
  199  11:08  Planetary Fortress  
  197  11:11  Sensor Tower  
  197  11:13  SCV x3  
  200  11:18  Command Center  
  200  11:20  Terran Ship Weapons Level 1  
  193  11:32  Viking  
  193  11:33  Viking  
  193  11:37  Ghost  
  196  11:53  Command Center  
  196  11:55  Command Center  
  196  11:56  Ghost x2, Terran Infantry Weapons Level 3  
  200  12:01  Refinery  
  200  12:08  Starport, Ghost  
  200  12:09  Starport  
  199  12:16  Ghost  
  199  12:29  Missile Turret  
  199  12:30  Missile Turret  
  199  12:35  Advanced Ballistics  
  199  12:40  Orbital Command  
  199  12:57  Marine x3, Marauder x3  
  192  13:02  Marine, Marauder  
  192  13:04  Marine x2, Marauder  
  181  13:07  Liberator x2  
  181  13:10  Starport Reactor x2  
  187  13:13  Orbital Command  
  187  13:14  Marine  
  187  13:15  Marine x2, Missile Turret  
  187  13:16  Terran Ship Weapons Level 2  
  187  13:18  Marine, Marauder x2  
  187  13:19  Orbital Command, Marine  
  196  13:32  Missile Turret  
  196  13:38  Missile Turret  
  196  13:46  Planetary Fortress  
  196  13:50  Liberator, Missile Turret  
  199  13:59  Sensor Tower  
  199  14:00  Missile Turret  
  198  14:16  Missile Turret  
  196  14:31  Ghost x2  
  171  14:55  Marine x8, Marauder  
  174  15:00  Marine x2  
  172  15:09  Liberator x5  
  172  15:10  Liberator  
  172  15:13  Marine x6  
  172  15:14  Marauder x2  
  198  15:16  Marine  
  198  15:18  Marine  
  200  15:26  Command Center  
  195  15:52  Liberator, Medivac  
  195  15:56  Engineering Bay  
  161  16:55  Liberator x3  
  161  17:00  Marauder  
  161  17:04  Orbital Command  
  161  17:05  Marauder  
  161  17:06  Marauder  
  157  17:08  Marine  
  157  17:09  Marine x5, Marauder  
  157  17:10  Terran Infantry Armor Level 3  
  157  17:11  Liberator x3  
  157  17:13  Missile Turret  
  165  17:16  Orbital Command  
  165  17:18  Orbital Command  
  165  17:21  Marauder  
  165  17:22  Terran Vehicle And Ship Armor Level 1, Command Center  
  166  17:26  Marine x2  
  166  17:27  Marine x2, Marauder x2  
  174  17:30  Marauder  
  173  17:38  Liberator x2  
  173  17:39  Liberator  
  182  17:45  Marine  
  183  17:54  Liberator x3  
  181  18:07  Marauder x2  
  181  18:08  Marine x2  
  181  18:11  Marine x2  
  173  18:14  Marauder x2  
  173  18:15  SCV x3  
  182  18:20  Liberator, Missile Turret, Marauder  
  182  18:21  Liberator  
  182  18:22  Liberator  
  182  18:26  Marine x2  
  193  18:28  Marine, Marauder  
  193  18:29  Marine  
  193  18:31  Marine  
  198  18:35  Marauder  
  198  18:37  Missile Turret  
  200  18:47  Missile Turret  
  197  18:48  Marine  
  197  18:49  Marauder  
  200  18:56  Command Center  
  200  18:58  Sensor Tower  
  198  19:35  Marauder  
  199  19:51  Terran Ship Weapons Level 3  
  199  19:54  Liberator  
  199  20:02  Marine  
  199  20:03  Marine, Marauder x2  
  199  20:04  Marauder  
  199  20:10  Marine x2  
  199  20:11  Marauder  
  197  20:16  Marauder  
  197  20:17  Liberator  
  197  20:20  Marine  
  200  20:32  Marauder x3  
  200  20:33  Marine  
  189  20:37  Marine  
  182  20:47  Marine x3, Marauder  
  175  20:51  Marine  
  175  20:53  Marauder  
  175  20:54  Marauder x2  
  175  20:55  Marine  
  177  21:04  Marine  
  177  21:05  Supply Depot  
  177  21:07  Supply Depot  
  177  21:08  Marine, Marauder  
  181  21:24  Marine x6, Marauder  
  185  21:31  Liberator x2  
  191  21:43  Ghost x3  
  194  21:56  Ghost x2  
  194  21:58  Marine  
  194  21:59  Marine  
  188  22:26  Supply Depot  
  188  22:28  Marine x2, Terran Vehicle And Ship Armor Level 2  
  188  22:29  Marauder x2  
  194  22:54  Marine x2, Marauder x2  
  197  23:23  Marine, Marauder  
  197  23:54  Orbital Command  
  197  24:12  Marauder  
  197  24:13  Barracks Tech Lab  
  167  24:34  Marine  
Show
View Real Time Build Order
Export as new Build Order

ShoWTimE Protoss 

Build Orders: 1 Gate Expand, Blink Stalkers 

Get SALT Encoding   

  12  0:00  Probe  
  13  0:12  Probe  
  14  0:17  Pylon  
  14  0:24  Probe (Chrono Boost)  
  15  0:36  Probe (Chrono Boost)  
  15  0:37  Gateway  
  16  0:44  Probe (Chrono Boost)  
  16  0:46  Assimilator  
  17  0:50  Probe  
  18  1:03  Probe  
  19  1:15  Probe  
  20  1:23  Cybernetics Core  
  20  1:34  Nexus  
  20  1:36  Probe  
  21  1:44  Pylon  
  21  1:49  Probe  
  21  1:51  Assimilator  
  22  1:59  Adept (Chrono Boost)  
  22  2:01  Probe  
  23  2:04  Warp Gate  
  25  2:13  Probe  
  26  2:20  Adept (Chrono Boost)  
  28  2:25  Probe  
  29  2:32  Twilight Council  
  29  2:37  Probe  
  30  2:45  Stalker  
  30  2:49  Probe  
  33  2:53  Probe  
  34  3:01  Probe  
  34  3:04  Blink (Chrono Boost)  
  34  3:06  Probe  
  34  3:09  Gateway  
  35  3:18  Probe  
  35  3:19  Probe  
  36  3:30  Probe  
  36  3:31  Probe  
  38  3:39  Robotics Facility  
  38  3:42  Probe  
  38  3:43  Probe  
  38  3:44  Pylon  
  40  3:52  Stalker  
  40  3:54  Probe  
  43  3:55  Probe  
  44  4:03  Stalker  
  44  4:06  Probe  
  44  4:07  Probe  
  48  4:14  Pylon  
  46  4:18  Probe  
  46  4:20  Probe  
  46  4:22  Stalker  
  50  4:26  Stalker, Observer  
  50  4:30  Probe  
  54  4:33  Nexus  
  54  4:35  Probe  
  55  4:42  Probe  
  55  4:43  Assimilator  
  55  4:44  Assimilator  
  56  4:45  Pylon  
  56  4:46  Observer  
  56  4:50  Stalker  
  59  4:54  Stalker  
  59  4:56  Probe  
  62  5:01  Pylon  
  62  5:03  Probe  
  63  5:08  Probe  
  64  5:15  Stalker, Probe  
  64  5:18  Stalker  
  64  5:20  Probe  
  70  5:27  Probe  
  71  5:32  Charge, Probe  
  71  5:34  Robotics Bay  
  72  5:37  Gateway  
  72  5:40  Probe  
  72  5:41  Gateway  
  72  5:44  Probe  
  72  5:46  Immortal (Chrono Boost)  
  77  5:52  Sentry, Probe  
  77  5:55  Shield Battery, Probe  
  81  5:57  Probe  
  81  6:04  Probe  
  83  6:06  Gateway  
  83  6:15  Stalker x2  
  83  6:18  Shield Battery  
  87  6:25  Immortal (Chrono Boost)  
  83  6:29  Pylon  
  83  6:32  Zealot  
  89  6:34  Gateway  
  89  6:36  Pylon  
  87  6:41  Zealot x3  
  93  6:48  Probe x2  
  93  6:50  Probe  
  93  6:54  Colossus (Chrono Boost)  
  96  6:58  Sentry  
  96  6:59  Pylon  
  96  7:00  Extended Thermal Lance, Probe x2  
  106  7:02  Probe  
  107  7:10  Phoenix  
  107  7:11  Gateway  
  107  7:13  Gateway, Pylon  
  107  7:14  Sentry  
  109  7:19  Shield Battery  
  109  7:29  Forge  
  109  7:33  Forge, Colossus (Chrono Boost)  
  115  7:37  Pylon  
  115  7:39  Zealot x4  
  115  7:43  Phoenix  
  123  7:50  Nexus  
  123  7:53  Probe  
  123  7:54  Probe x2  
  123  7:57  Protoss Ground Armor Level 1 (Chrono Boost)  
  125  8:07  Protoss Ground Weapons Level 1 (Chrono Boost)  
  125  8:09  Nexus  
  125  8:10  Pylon, Probe x2  
  125  8:11  Probe  
  128  8:14  Shield Battery  
  128  8:18  Pylon  
  128  8:25  Pylon, Colossus (Chrono Boost)  
  128  8:26  Pylon  
  128  8:31  Zealot x3  
  140  8:36  Pylon  
  140  8:39  Zealot x2  
  140  8:40  Zealot x2  
  148  8:43  Robotics Facility  
  148  8:56  Zealot x4  
  148  8:59  Pylon  
  154  9:09  Warp Prism (Chrono Boost)  
  154  9:11  Zealot x4  
  164  9:21  Gateway  
  164  9:24  Gateway  
  164  9:29  Disruptor (Chrono Boost)  
  164  9:34  Disruptor (Chrono Boost), Probe  
  164  9:35  Probe  
  174  9:41  Zealot x6  
  186  9:48  Stalker x2  
  190  9:55  Protoss Ground Weapons Level 2 (Chrono Boost)  
  190  9:56  Protoss Ground Armor Level 2 (Chrono Boost)  
  190  9:57  Nexus  
  190  10:02  Pylon  
  190  10:13  Zealot x3  
  196  10:24  Gateway  
  196  10:26  Gateway  
  196  10:28  Gateway, Gravitic Drive (Chrono Boost)  
  196  10:33  Disruptor (Chrono Boost)  
  196  10:35  Gateway  
  198  10:39  Disruptor (Chrono Boost)  
  200  10:51  Gateway  
  200  10:52  Gateway  
  200  10:54  Gateway  
  200  10:56  Gateway  
  200  10:57  Pylon  
  200  10:58  Photon Cannon  
  200  10:59  Gateway, Shield Battery  
  200  11:03  Gateway  
  200  11:07  Gateway  
  200  11:08  Gateway  
  200  11:09  Pylon  
  200  11:31  Warp Prism (Chrono Boost)  
  182  11:38  Zealot x6  
  200  11:42  Disruptor (Chrono Boost)  
  200  11:50  Gateway  
  200  12:00  Pylon, Photon Cannon  
  200  12:04  Photon Cannon  
  192  12:13  Zealot x11  
  200  12:18  Stalker x3  
  200  12:21  Protoss Ground Armor Level 3 (Chrono Boost), Protoss Ground Weapons Level 3 (Chrono Boost)  
  200  12:27  Stalker x4  
  200  12:34  Nexus  
  196  12:45  Zealot x2  
  172  12:58  Zealot x5  
  172  12:59  Zealot x9  
  152  13:07  Zealot x3  
  152  13:12  Probe x4  
  154  13:13  Probe  
  154  13:16  Zealot x2  
  157  13:28  Immortal x2 (Chrono Boost)  
  157  13:33  Probe  
  166  13:36  Pylon  
  160  13:46  Probe  
  161  13:52  Zealot x2  
  161  13:55  Zealot  
  167  13:56  Probe x2  
  167  13:58  Shield Battery  
  167  13:59  Zealot  
  167  14:01  Probe  
  167  14:02  Gravitic Boosters (Chrono Boost), Observer (Chrono Boost)  
  170  14:03  Observer (Chrono Boost)  
  170  14:09  Zealot x13  
  198  14:10  Zealot  
  199  14:32  Nexus  
  199  14:34  Pylon  
  199  14:38  Zealot x2  
  199  14:43  Zealot x3  
  200  14:50  Protoss Shields Level 1 (Chrono Boost)  
  200  14:51  Pylon  
  200  14:52  Zealot x3  
  196  15:05  Stalker x2  
  198  15:12  Nexus  
  188  15:24  Probe  
  188  15:25  Stalker x5, Pylon  
  199  15:32  Assimilator  
  199  15:36  Assimilator  
  177  15:43  Zealot x10  
  177  15:44  Zealot  
  177  15:49  Photon Cannon  
  199  15:50  Shield Battery  
  199  16:04  Stargate  
  199  16:14  Protoss Air Weapons Level 1 (Chrono Boost)  
  196  16:40  Stalker x3  
  196  16:46  Zealot x5  
  170  16:49  Zealot x4  
  170  16:51  Zealot x5  
  170  16:53  Zealot x4  
  170  16:54  Zealot  
  180  17:04  Stalker x3  
  172  17:09  Stalker x7  
  172  17:10  Stalker x2  
  172  17:12  Probe x3  
  173  17:17  Zealot x9  
  173  17:18  Zealot  
  187  17:22  Pylon  
  187  17:23  Warp Prism (Chrono Boost)  
  187  17:25  Observer  
  190  17:31  Pylon  
  190  17:35  Observer (Chrono Boost)  
  188  17:39  Dark Shrine  
  188  17:45  Zealot x6  
  196  18:01  Disruptor (Chrono Boost)  
  190  18:07  Disruptor (Chrono Boost)  
  190  18:12  Zealot x6  
  190  18:13  Zealot x2  
  200  18:28  Nexus  
  200  18:32  Pylon  
  193  18:50  Stalker x3  
  193  18:54  Probe  
  200  19:08  Stalker x6  
  200  19:12  Observer  
  200  19:17  Fleet Beacon  
  200  19:23  Pylon  
  200  19:24  Stargate  
  198  19:34  Stargate  
  198  19:43  Stargate  
  198  19:46  Zealot  
  196  20:06  Zealot x9  
  200  20:12  Stalker x2  
  200  20:14  Zealot  
  200  20:16  Assimilator  
  200  20:20  Assimilator  
  189  20:31  Zealot x7  
  199  20:41  Dark Shrine  
  197  20:43  Gateway  
  197  20:44  Gateway  
  197  20:47  Gateway  
  197  20:48  Gateway  
  195  20:50  Gateway  
  195  20:51  Zealot x3  
  195  20:52  Pylon  
  198  20:57  Cybernetics Core  
  198  21:02  Zealot  
  197  21:21  Pylon  
  197  21:22  Pylon  
  197  21:25  Pylon  
  193  21:27  Nexus, Pylon  
  193  21:29  Pylon  
  193  21:31  Pylon  
  188  21:40  Pylon  
  188  21:42  Stalker x6, Pylon  
  185  22:20  Stalker x5  
  162  22:28  Pylon  
  142  22:47  Cybernetics Core  
  136  23:02  Pylon  
  136  23:10  Pylon  
  126  23:24  Gateway  
  126  23:25  Gateway, Dark Templar x3  
  121  23:28  Cybernetics Core  
  121  23:31  Pylon  
  99  23:51  Pylon  
  99  23:52  Gateway  
  99  23:53  Gateway  
  99  23:55  Gateway  
  99  23:57  Gateway  
  99  23:58  Gateway  
  99  24:01  Gateway  
  99  24:04  Assimilator  
  99  24:05  Assimilator, Pylon  
  99  24:12  Probe (Chrono Boost)  
  99  24:14  Probe (Chrono Boost)  
  101  24:21  Zealot x2  
  101  24:22  Probe (Chrono Boost)  
  101  24:23  Probe (Chrono Boost)  
  97  24:27  Probe (Chrono Boost)  
  37  24:38  Probe  
Tags
 
Add a new tag
Caveats
  • Supply blocks, unpowered buildings, or Contaminate may cause inaccurate times.
  • Supply counts are checked every 10 seconds.